 Dungeon Crawl Stone Soup version 0.18.1-50-g88ac8fd (webtiles) character file.

37 Mesmaeker13 the Magician (level 3, 0/26 HPs)
             Began as a Draconian Wizard on Oct 25, 2016.
             Slain by Natasha (3 damage)
             ... on level 2 of the Dungeon.
             The game lasted 00:04:07 (1272 turns).

Mesmaeker13 the Magician (Draconian Wizard)         Turns: 1272, Time: 00:04:08

Health: 0/26       AC:  6    Str:  9    XL:     3   Next: 23%
Magic:  0/8        EV: 12    Int: 19    God:
Gold:   25         SH:  0    Dex:  9    Spells: 1 memorised, 8 levels left

rFire  + . .     SeeInvis .     d - +0 mace
rCold  + . .     Gourm    .     (armour unavailable)
rNeg   . . .     Faith    .     (no shield)
rPois  +         Spirit   .     a - +0 hat
rElec  +         Dismiss  .     (no cloak)
rCorr  +         Reflect  .     (no gloves)
SustAt .         Harm     .     (no boots)
MR     .....                    (no amulet)
Stlth  +.........               (no ring)
                                h - +1 ring of protection

@: resistant, not resistant to hostile enchantments, very unstealthy
A: unfitting armour, cold-blooded, AC +5
a: no special abilities


You were on level 2 of the Dungeon.
You were not hungry.

You visited 1 branch of the dungeon, and saw 2 of its levels.

You collected 25 gold pieces.

Inventory:

Hand Weapons
 d - a +0 mace (weapon)
Armour
 a - a +0 hat (worn)
Jewellery
 h - a +1 ring of protection (left hand)
Books
 b - a book of Minor Magic

   Spells                             Type                      Level
   a - Magic Dart                     Conjuration                  1
   b - Blink                          Translocation                2
   c - Call Imp                       Summoning                    2
   d - Repel Missiles                 Charms/Air                   2
   e - Slow                           Hexes                        2
   f - Conjure Flame                  Conjuration/Fire             3
   g - Mephitic Cloud                 Conjuration/Poison/Air       3
Comestibles
 c - a bread ration
 f - a meat ration
 j - a chunk of flesh


   Skills:
 - Level 1.7 Dodging
 - Level 1.7 Stealth
 + Level 3.5 Spellcasting
 + Level 2.4 Conjurations
   Level 1.0 Summonings
   Level 1.0 Translocations


You had 8 spell levels left.
You knew the following spells:

 Your Spells              Type           Power        Failure   Level  Hunger
a - Magic Dart            Conj           ##..         8%          1    None


Dungeon Overview and Level Annotations

Branches:
Dungeon (2/15)

Altars:
Fedhas
The Shining One

Annotations:
D:2 Natasha


Innate Abilities, Weirdness & Mutations

Your plain brown scales are hard (AC +5).
Your body does not fit into most forms of armour.
You are cold-blooded and may be slowed by cold attacks.


Message History

Press: ? - help, Shift-Dir - straight line, f/p - Natasha
Aim: Natasha, carrying a wand of flame {zapped: 2} (heavily wounded)
The magic dart hits Natasha.
Natasha is severely wounded.
The shadow imp closely misses you.
Natasha zaps a wand.
The puff of flame hits you! You resist.
* * * LOW HITPOINT WARNING * * *
Casting: Magic Dart
Confirm with . or Enter, or press ? or * to list all spells.
Aiming: Magic Dart
Press: ? - help, Shift-Dir - straight line, f/p - Natasha
Aim: Natasha, carrying a wand of flame {zapped: 3} (severely wounded)
The magic dart hits Natasha.
Natasha is almost dead.
The shadow imp barely misses you. Natasha claws you.
* * * LOW HITPOINT WARNING * * *
You closely miss Natasha.
Natasha is almost dead.
The shadow imp barely misses you. Natasha claws you.
You die...

####### ####.....####
.....P.P.....
.##..._..####
#########.##..P.P.....
........#.##......####
##5#.######### # ##h#..# #
###@###.# # ###.5## #..
######## #...##
#........... ###.##.##
.###.#####. ... ##.#######
#.# #( ###.###..##...###.#
###( #.###.†...##.....##.#
#...
#.......†.#.......#.###)..
#..####...#..._...........


You could see Natasha and 2 shadow imps.

Vanquished Creatures
  2 dart slugs
  5 giant cockroaches
  2 goblins (D:2)
  3 hobgoblins
  5 jackals
  7 kobolds
  2 bats
  3 rats
29 creatures vanquished.

Notes
Turn   | Place    | Note
--------------------------------------------------------------
     0 | D:1      | Mesmaeker13 the Draconian Wizard began the quest for the Orb.
     0 | D:1      | Reached XP level 1. HP: 14/14 MP: 4/4
   221 | D:1      | Reached XP level 2. HP: 13/20 MP: 1/6
   852 | D:2      | Found a blossoming altar of Fedhas.
  1065 | D:2      | Found a glowing golden altar of the Shining One.
  1099 | D:2      | Reached XP level 3. HP: 20/26 MP: 0/8
  1255 | D:2      | Noticed Natasha
  1272 | D:2      | Slain by Natasha

Skill      XL: |  1  2 |
---------------+-------+-----
Conjurations   | 2 |  2.4
Dodging        | |  1.7
Stealth        | |  1.7
Spellcasting   | |  3.5
Summonings     | |  1.0
Translocations | |  1.0

Action                   || total
-------------------------++-------
Melee: Mace              ||    82
       Tailslap          ||     3
Throw: Throwing net      ||     1
 Cast: Magic Dart        ||    46
  Use: Potion            ||     2
       Scroll            ||     1
  Eat: Chunk             ||     1
Armor: Skin              ||    55
Dodge: Dodged            ||   110
